 Dungeon Crawl Stone Soup version 0.30-a0-40-gc6d0f036a7 (webtiles) character file.

Game seed: 9641144042560344452

171 ytrimaz the Insei (level 5, 0/33 HPs)
             Began as an Octopode Transmuter on Aug 29, 2022.
             Was an Initiate of Ashenzari.
             Slain by a ball python (2 damage)
             ... in a sewer.
             The game lasted 00:04:26 (4071 turns).

ytrimaz the Insei (Octopode Transmuter)             Turns: 4071, Time: 00:04:27

Health: 0/33       AC:  1    Str:  9 (10) XL:     5   Next: 51%
Magic:  9/9        EV: 10    Int: 16 (17) God:    Ashenzari [......]
Gold:   142        SH:  0    Dex:  9 (12) Spells: 3/9 levels left

rFire   + . .      SeeInvis .      - Unarmed
rCold   + . .      Faith    .    (no shield)
rNeg    . . .      Spirit   .    (helmet restricted)
rPois   +          Reflect  .    (no amulet)
rElec   +          Harm     .    (no ring)
rCorr   +          Rampage  .    (no ring)
Will    .....                    (no ring)
Stlth   +++.......               (no ring)
HPRegen 0.11/turn                (no ring)
MPRegen 0.11/turn                (no ring)
                                 (no ring)
                                 (no ring)

@: resistant, wereblooded (expiring), attractive, constricted
A: almost no armour, amphibious, 8 rings, camouflage 1, gelatinous body 1,
nimble swimmer 1, tentacles
a: Renounce Religion


You were in a sewer.
You worshipped Ashenzari.
Ashenzari was noncommittal.
You visited 1 branch of the dungeon, and saw 4 of its levels.
You also visited: Sewer.

You collected 142 gold pieces.

Inventory:

Scrolls
 g - a scroll of enchant armour
Potions
 e - a potion of resistance


   Skills:
 - Level 1.0 Fighting
 - Level 2.0 Dodging
 - Level 4.1 Unarmed Combat
 + Level 2.7 Spellcasting
 + Level 2.8 Transmutations
 * Level 3.4 Poison Magic


You had 3 spell levels left.
You knew the following spells:

 Your Spells              Type           Power      Damage    Failure   Level
a - Beastly Appendage     Tmut           22%        N/A       6%          1
b - Wereblood             Tmut           11%        N/A       9%          2
c - Spider Form           Tmut/Pois      12%        N/A       16%         3

Your spell library contained the following spells:

 Spells                   Type           Power      Damage    Failure   Level
 Ice Form                 Ice/Tmut       6%         N/A       71%         4


Dungeon Overview and Level Annotations

Branches:
Dungeon (4/15)              Sewer (1/1)
 Temple: D:4-7

Altars:
Ashenzari
Gozag
Nemelex Xobeh
Ru
Sif Muna
Vehumet

Shops:
D:2 [   D:3 *   D:4 **


Innate Abilities, Weirdness & Mutations

You cannot wear most types of armour.
You are amphibious.
You can wear up to eight rings at the same time.
Your skin changes colour to match your surroundings (Stealth+).
Your rubbery body absorbs attacks. (AC +1, EV +1)
You are camouflaged when in or above water. (Stealth+)
You have tentacles for arms and can constrict up to eight enemies at once.


Message History

The ball python closely misses you. The ball python constricts you.
* * * LOW HITPOINT WARNING * * *
The rat completely misses you. The river rat misses you.
You hit the river rat but do no damage.
The river rat looks as sick as possible!
The river rat is lightly wounded.
The ball python misses you. The ball python bites you.
* * * LOW HITPOINT WARNING * * *
The ball python constricts you.
* * * LOW HITPOINT WARNING * * *
The rat barely misses you. The river rat closely misses you.
Your unstable footing causes you to fumble your attack.
You hiss as the wereblood boils in your veins!
You hear an angry hiss.
The ball python misses you. The ball python constricts you.
The ball python misses you. The rat barely misses you.
The river rat closely misses you.
Unknown command.
Your unstable footing causes you to fumble your attack.
Your transformation has ended.
You feel a bit better.
You kill the river rat!
The ball python bites you.
* * * LOW HITPOINT WARNING * * *
The ball python constricts you.
* * * LOW HITPOINT WARNING * * *
The ball python barely misses you. The rat bites you.
* * * LOW HITPOINT WARNING * * *
Unknown command.
Unknown command.
Okay, then.
As you read the scroll labelled ERHUOR HERPHIS, it crumbles to dust.
It is a scroll of identify.
You don't have any unidentified items.
The ball python closely misses you. The ball python constricts you.
* * * LOW HITPOINT WARNING * * *
A ball python comes into view.
The ball python bites you but does no damage.
The rat bites you but does no damage. The ball python bites you.
You die...

#.....#≈≈≈≈≈≈#
##...##≈≈≈≈≈≈#
#.))..#≈≈≈≈≈≈#
#.....#≈≈≈≈≈≈#
###'###≈≈≈≈≈≈###+##
##...~≈≈≈≈≈≈≈≈....#
#....≈≈≈≈≈≈≈~~....#
#....≈≈≈≈≈≈SS.....#
##....≈≈≈≈≈≈@r.....#
#.....≈≈≈≈≈≈††....##
#.....~~≈≈≈≈≈#....#
#..÷...≈≈≈≈≈≈##..##
##.....~≈≈≈≈≈# S.#
#..÷..~≈≈≈≈## .#
##....~≈≈≈~# .#
####....~≈≈≈~.
#∩###...≈≈≈≈≈..


You could see 3 ball pythons and a rat.

Vanquished Creatures
  Robin (D:4)
  5 adders
  3 river rats (Sewer)
  A worm (D:2)
  An orc (D:4)
  12 ball pythons
  7 endoplasms
  2 giant cockroaches
  14 goblins
  7 hobgoblins
  6 kobolds
  3 quokkas
  10 bats
  3 frilled lizards
  7 rats
82 creatures vanquished.

Notes
Turn   | Place    | Note
-------+----------+-------------------------------------------
     0 | D:1      | ytrimaz the Octopode Transmuter began the quest for the
                  | Orb.
     0 | D:1      | Reached XP level 1. HP: 13/13 MP: 3/3
   235 | D:1      | Found a faded altar of an unknown god.
   251 | D:1      | Upgraded the game from 0.30-a0-39-g42789b21ef to
                  | 0.30-a0-40-gc6d0f036a7
   388 | D:1      | Reached XP level 2. HP: 18/18 MP: 5/5
   754 | D:1      | Reached skill level 4 in Unarmed Combat
   985 | D:1      | Reached XP level 3. HP: 20/23 MP: 6/6
   988 | D:1      | Learned a level 2 spell: Wereblood
   992 | D:1      | Learned a level 3 spell: Spider Form
  1370 | D:2      | Reached skill level 1 in Poison Magic
  1536 | D:2      | Identified the +0 ring mail of Zugg {rC+ Str+2}
  2008 | D:2      | Found Dopt's Antique Armour Boutique.
  2023 | D:2      | Reached XP level 4. HP: 22/28 MP: 5/7
  2616 | D:3      | Found a sparkling altar of Nemelex Xobeh.
  2622 | D:3      | Found a broken altar of Ashenzari.
  2626 | D:3      | Found a shimmering blue altar of Sif Muna.
  2628 | D:3      | Became a worshipper of Ashenzari the Shackled
  2629 | D:3      | Found a sacrificial altar of Ru.
  2635 | D:3      | Found a radiant altar of Vehumet.
  3304 | D:3      | Found Gozag's Platinum Reserve.
  3318 | D:3      | Found an opulent altar of Gozag.
  3528 | D:4      | Found a glowing drain.
  3529 | D:4      | Noticed Robin
  3562 | D:4      | Killed Robin
  3565 | D:4      | Reached XP level 5. HP: 33/33 MP: 5/8
  3613 | D:4      | Found Culint's Specific Store.
  3618 | D:4      | Found Tantoskeam's General Store.
  3650 | Sewer    | Entered a sewer
  4071 | Sewer    | Slain by a ball python

Illustrated notes

Levels and vault maps discovered:
D:1:      lemuel_arrival_behind_the_door_small, layout_loops_ring,
          nicolae_ecumenical_lake_church, chequers_big_river
D:2:      layout_basic, serial_shops, nicolae_shop_statue_plus
D:3:      layout_basic, nicolae_overflow_hallway_of_the_gods,
          nicolae_gozag_zags_fifth_avenue, chequers_decorated_corner,
          nicolae_concentric_dashed_squares_wild, bh_walls_and_bars
D:4:      layout_loops_cross, minmay_temple_entry_statues,
          gup_sewer_entry_glass, nicolae_specific_store, grunt_tough_drop,
          uniq_robin
Sewer:    sewer_minmay_treatment

Skill      XL: |  1  2  3  4  5 |
---------------+----------------+-----
Unarmed Combat | 4 |  4.1
Poison Magic   | 1 2 3 |  3.4
Fighting       | |  1.0
Dodging        | |  2.0
Spellcasting   | |  2.7
Transmutations | |  2.8

Action                   |  1- 3 |  4- 6 || total
-------------------------+-------+-------++-------
Melee: Unarmed           |    65 |    95 ||   160
       Constrict         |    18 |    15 ||    33
       Kick              |    13 |    11 ||    24
       Tentacles         |     9 |     7 ||    16
       Punch             |     1 |     2 ||     3
 Cast: Beastly Appendage |    21 |    16 ||    37
       Wereblood         |       |     2 ||     2
       Spider Form       |       |     1 ||     1
  Use: Scroll            |     1 |     4 ||     5
       Potion            |       |     9 ||     9
 Stab: Sleeping          |     4 |     4 ||     8
Armor: Skin              |    11 |    39 ||    50
Dodge: Dodged            |    45 |   118 ||   163

Table legend: (Time is in decaauts)
 A = Elapsed time spent in this place.
 B = Non-inter-level travel time spent in this place.
 C = Inter-level travel time spent in this place.
 D = Time resting spent in this place.
 E = Time spent auto-exploring this place.
 F = Levels seen in this place.
 G = Mean time per level.
                   A        B        C        D        E       F      G
               +--------+--------+--------+--------+--------+-----+--------+
         Total |   4058 |   3977 |     81 |     67 |   3307 |   5 |  811.6 |
       Dungeon |   3639 |   3558 |     81 |     67 |   2947 |   4 |  909.8 |
         Sewer |    418 |    418 |      0 |      0 |    360 |   1 |  418.0 |
               +--------+--------+--------+--------+--------+-----+--------+

Top non-repeatable levels by time:
     D:2: 1426 daAuts
     D:1: 1112 daAuts
     D:3: 980 daAuts
   Sewer: 418 daAuts
     D:4: 119 daAuts
